 Dungeon Crawl Stone Soup version 0.21.1-1-g345015fe64 (webtiles) character file.

140046 MsStandart the Spry (level 16, -8/157 HPs)
             Began as a Minotaur Berserker on July 19, 2018.
             Was the Champion of Trog.
             Mangled by a five-headed hydra (10 damage)
             ... on level 4 of the Swamp on July 26, 2018.
             The game lasted 02:50:52 (31751 turns).

MsStandart the Spry (Minotaur Berserker)           Turns: 31751, Time: 02:50:52

Health: -8/157     AC: 38    Str: 32    XL:     16   Next: 75%
Magic:  15/15      EV: 11    Int:  3    God:    Trog [******]
Gold:   2517       SH:  0    Dex: 14    Spells: 15/15 levels left

rFire    + . .     SeeInvis .   F - +10 mace of Outrage {freeze, MR+}
rCold    + . .     Gourm    .   (no shield)
rNeg     + . .     Faith    .   l - +6 gold dragon scales
rPois    +         Spirit   .   b - +2 hat
rElec    .         Reflect  .   T - +2 ratskin cloak {+Rats rPois rN+ Str-1 Int-1 Dex+1}
rCorr    .         Harm     +   t - +0 pair of gloves
MR       ++...                  i - +2 pair of boots
Stlth    ..........             G - amulet of harm
HPRegen  0.36/turn              p - +4 ring of strength
MPRegen  0.14/turn              k - +3 ring of strength

@: grasped by roots, very slightly contaminated, invisible, very slow
A: retaliatory headbutt, horns 2
a: Berserk, Trog's Hand, Brothers in Arms, Burn Spellbooks, Renounce Religion,
Evoke Ratskin


You were on level 4 of the Swamp.
You worshipped Trog.
Trog was exalted by your worship.
You were not hungry.

You visited 4 branches of the dungeon, and saw 27 of its levels.
You also visited: Sewer, Ossuary and Volcano.

You collected 3343 gold pieces.
You spent 826 gold pieces at shops.

Inventory:

Hand Weapons
 F - the +10 mace of Outrage (weapon) {freeze, MR+}
   (You found it on level 7 of the Dungeon)

   It has been specially enchanted to freeze those struck by it, causing extra
   injury to most foes and up to half again as much damage against particularly
   susceptible opponents.
   It can also slow down cold-blooded creatures.
   It affects your resistance to hostile enchantments.
Armour
 b - a +2 hat (worn)
 i - a +2 pair of boots (worn)
 l - +6 gold dragon scales (worn)
 t - a +0 pair of gloves (worn)
 O - a +2 plate armour of cold resistance
 T - the +2 ratskin cloak (worn) {+Rats rPois rN+ Str-1 Int-1 Dex+1}
   (You bought it in a shop on level 1 of the Orcish Mines)

   It affects your strength (-1).
   It affects your intelligence (-1).
   It affects your dexterity (+1).
   It protects you from poison.
   It protects you from negative energy.
 X - the +8 chain mail of the Storm King {rElec MR+}
   (You found it on level 6 of the Lair of Beasts)

   It insulates you from electricity.
   It affects your resistance to hostile enchantments.
Jewellery
 k - a +3 ring of strength (right hand)
 p - a +4 ring of strength (left hand)
 y - a +1 ring of evasion
 G - an amulet of harm (around neck)
 Y - an uncursed ring of protection from cold
 Z - an uncursed ring of flight
Wands
 a - a wand of paralysis (10)
 f - a wand of clouds (12)
 j - a wand of random effects (32)
 m - a wand of disintegration (41)
 n - a wand of polymorph (65)
 r - a wand of iceblast (10)
 w - a wand of acid (25)
 C - a wand of digging (28)
 K - a wand of enslavement (14)
 M - a wand of scattershot (6)
 R - a wand of flame (56)
Scrolls
 d - 8 scrolls of remove curse
 e - a scroll of identify
 h - 7 scrolls of enchant weapon
 x - 5 scrolls of fog
 A - 10 scrolls of teleportation
 D - 2 scrolls of brand weapon
 H - 2 scrolls of fear
 J - 8 scrolls of magic mapping
Potions
 g - a potion of cancellation
 o - 23 potions of curing
 q - 12 potions of heal wounds
 s - a potion of invisibility
 u - 3 potions of haste
 v - 3 potions of ambrosia
 z - 4 potions of magic
 I - 3 potions of brilliance
 L - 3 potions of flight
 N - a potion of berserk rage
 Q - 4 potions of resistance
 W - 3 potions of might
Miscellaneous
 B - a phantom mirror
 P - a lightning rod (4/4)
 U - a crystal ball of energy
 V - a phial of floods
Comestibles
 c - 45 rations


   Skills:
 + Level 17.7 Fighting
 - Level 14.0 Maces & Flails
 + Level 17.5 Armour
 * Level 19.0 Dodging


You had 15 spell levels left.
You didn't know any spells.

Dungeon Overview and Level Annotations

Branches:
Dungeon (15/15)            Temple (0/1) D:4            Lair (6/6) D:10
  Swamp (4/4) Lair:2        Snake (0/4) Lair:4        Slime (0/5) Lair:6
    Orc (2/2) D:10            Elf (0/3) Orc:2        Vaults (0/5) D:13
 Depths (0/5) D:15

Altars:
Elyvilon
Fedhas
Gozag
Makhleb
Nemelex Xobeh
Ru
Xom
The Shining One
Jiyva

Shops:
D:6 ?   D:10 :   D:13 *   D:15 *   Orc:1 [[!   Orc:2 =*[[


Innate Abilities, Weirdness & Mutations

You reflexively headbutt those who attack you in melee.
You have a pair of horns on your head.


Message History

The five-headed hydra bites you but does no damage.
The five-headed hydra bites you.
* * * LOW HITPOINT WARNING * * *
The five-headed hydra bites you but does no damage.
You are very lightly contaminated with residual magic.
You feel better.
The five-headed hydra bites you but does no damage. x2
The five-headed hydra bites you.
* * * LOW HITPOINT WARNING * * *
The five-headed hydra bites you.
* * * LOW HITPOINT WARNING * * *
The five-headed hydra barely misses you.
An eight-headed hydra comes into view.
The shambling mangrove hits you!!
* * * LOW HITPOINT WARNING * * *
A hydra and a swamp worm come into view.
The seven-headed hydra roars!
You hear a roar!
The five-headed hydra bites you but does no damage. x3
The five-headed hydra bites you!
You die...

≈♣♣ ♣≈#≈≈## ≈♣
♣♣#♣♣ ♣♣ . ##≈#
# ♣♣ ♣≈ ≈..
##### ≈♣ ≈≈#≈
≈♣♣ #≈≈## ≈≈♣
#≈ #≈..### ≈♣
#.≈##.#§§§##.≈#
♣♣
≈≈≈#w≈≈fD≈§§≈≈#
♣♣♣
....%..@kD≈≈#≈#
♣≈♣
≈≈#≈.≈##§##≈.#
≈≈♣♣ #.≈
≈D≈#### ≈≈.♣
§≈≈ ##.≈.≈ ..♣♣
#.D ≈.≈.≈. #♣♣
≈# #.#.≈##
≈.#.≈. .≈.≈≈.


You could see a shambling mangrove, an eight-headed hydra, a seven-headed hydra
(wandering), a five-headed hydra, a swamp dragon, a swamp worm (wandering) and a
swamp drake.

Vanquished Creatures
  Rupert (Lair:6)
  3 thorn hunters
  An azure jelly (Lair:6)
  An orc warlord (Orc:1)
  A very ugly thing (Swamp:2)
  The ghost of lis82 the Eclecticist, a journeyman DgSu (Swamp:4)
  A stone giant (Orc:2)
  Fannar (D:12)
  15 hydras
  The ghost of ciphuk the Thaumaturge, a journeyman GnVM (D:12)
  2 catoblepae
  3 vault guards (D:13)
  The ghost of AdeptTechnicus the Fighter, a novice MiBe of Trog (D:8)
  5 centaur warriors
  A ghost crab (Swamp:3)
  16 death yaks
  A death knight (D:14)
  9 alligators
  10 two-headed ogres
  A deep troll shaman (Lair:6)
  Urug (D:12)
  A hell knight (Volcano)
  A skeletal warrior (D:14)
  3 unseen horrors
  A glowing orange brain (D:15)
  A spriggan druid (Swamp:3)
  3 shambling mangroves
  4 swamp dragons
  3 wizards (D:13)
  Pikel (D:3)
  2 lindwurms
  2 orc knights
  A wolf spider zombie (D:15)
  3 orc sorcerers
  A deep elf mage (D:15)
  6 manticores
  5 ugly things
  2 cyclopes
  3 elephants (Lair:6)
  3 black mambas
  A centaur skeleton (D:14)
  19 spiny frogs
  3 rime drakes
  8 yaktaurs
  A kobold demonologist (D:9)
  2 efreet
  7 komodo dragons
  2 freezing wraiths
  8 trolls
  A polar bear (Lair:5)
  A meliai (shapeshifter) (D:15)
  Grinder (D:4)
  5 tyrant leeches
  33 slime creatures
  8 hornets
  8 dream sheep
  6 bog bodies
  8 blink frogs
  9 hippogriffs
  A water elemental (D:11)
  Sigmund (D:6)
  2 shadows
  A redback (shapeshifter) (D:15)
  4 spriggans
  2 vampires
  3 wyverns
  2 wraiths
  17 humans (D:13)
  Eustachio (D:6)
  2 basilisks
  11 vampire mosquitoes
  39 yaks
  A hungry ghost (D:15)
  Edmund (D:4)
  18 insubstantial wisps
  Menkaure (D:6)
  2 acid dragons
  A soldier ant (D:15)
  2 wargs
  14 swamp worms
  10 water moccasins
  2 slaves
  5 ice beasts
  13 porcupines
  5 sky beasts
  11 swamp drakes
  An eye of draining (D:9)
  3 phantoms
  A hornet zombie (D:7)
  32 orc warriors
  6 black bears
  7 necrophages
  10 wolves
  10 ogres
  26 centaurs
  12 crocodiles
  6 big kobolds
  3 wyvern zombies
  A gnoll sergeant (D:8)
  26 bullfrogs
  8 killer bees
  2 scorpions
  16 wights
  7 howler monkeys
  4 electric eels (Lair:2)
  6 crimson imps
  A centaur zombie (D:10)
  6 bullfrog zombies
  A jelly (D:9)
  2 bullfrog skeletons
  5 hounds
  11 orc priests
  18 orc wizards
  Jessica (D:2)
  An iguana (D:9)
  Ijyb (D:3)
  12 worker ants
  A big kobold zombie (Ossuary)
  2 hound zombies
  2 hound skeletons (D:9)
  9 mummies
  A worker ant zombie (D:5)
  6 adders
  10 gnolls
  A river rat (D:14)
  6 shadow imps
  12 white imps
  An ooze (D:1)
  An adder skeleton (D:9)
  2 worms
  3 dart slugs
  13 leopard geckos
  66 orcs
  A ball python (D:1)
  12 giant cockroaches
  5 goblins
  8 hobgoblins
  11 jackals
  14 kobolds
  8 quokkas
  5 bats
  10 frilled lizards
  2 hobgoblin zombies (Ossuary)
  2 kobold zombies (Ossuary)
  A leopard gecko skeleton (D:4)
  3 orc zombies (Ossuary)
  A quokka zombie (D:8)
  5 rats
  A briar patch (Swamp:4)
896 creatures vanquished.

Vanquished Creatures (others)
  2 orc wizards
  A worker ant (D:4)
  A briar patch (Swamp:4)
  33 fungi
  13 plants
50 creatures vanquished.

Grand Total: 946 creatures vanquished

Notes
Turn   | Place    | Note
-------+----------+-------------------------------------------
     0 | D:1      | MsStandart the Minotaur Berserker began the quest for the Orb.
     0 | D:1      | Reached XP level 1. HP: 19/19 MP: 0/0
   163 | D:1      | Reached XP level 2. HP: 27/27 MP: 1/1
  1027 | D:2      | Reached XP level 3. HP: 24/33 MP: 2/2
  1160 | D:2      | Noticed Jessica
  1162 | D:2      | Killed Jessica
  1424 | D:2      | You fall through a shaft for 2 floors!
  1505 | D:4      | Found a glowing drain.
  1512 | D:4      | Reached ** piety under Trog
  1512 | D:4      | Reached XP level 4. HP: 38/41 MP: 3/3
  1523 | Sewer    | Entered a sewer
  1536 | Sewer    | Reached skill level 5 in Maces & Flails
  1742 | Sewer    | Noticed a bullfrog
  1744 | Sewer    | Noticed a bullfrog
  1749 | Sewer    | Killed a bullfrog
  1749 | Sewer    | Reached XP level 5. HP: 31/47 MP: 4/4
  2022 | D:4      | Reached skill level 5 in Fighting
  2024 | D:4      | Reached XP level 6. HP: 37/56 MP: 5/5
  2255 | D:4      | Noticed a slave
  2256 | D:4      | Noticed Pikel
  2256 | D:4      | Noticed a slave
  2297 | D:4      | Killed a slave
  2508 | D:2      | Found a burning altar of Makhleb.
  2912 | D:2      | Found a blossoming altar of Fedhas.
  2914 | D:2      | Found an opulent altar of Gozag.
  2916 | D:2      | Found a sacrificial altar of Ru.
  3042 | D:3      | Noticed Ijyb
  3052 | D:3      | Killed Ijyb
  3052 | D:3      | Reached *** piety under Trog
  3330 | D:3      | Found a white marble altar of Elyvilon.
  3768 | D:4      | Noticed a slave
  3769 | D:4      | Noticed a slave
  3782 | D:3      | Killed a slave
  3815 | D:3      | Killed Pikel
  3815 | D:3      | Reached skill level 5 in Armour
  3815 | D:3      | Reached XP level 7. HP: 43/64 MP: 6/6
  4159 | D:4      | Found a staircase to the Ecumenical Temple.
  4427 | D:5      | Entered Level 5 of the Dungeon
  4472 | D:5      | Noticed Edmund
  4472 | D:5      | Noticed Grinder
  4474 | D:5      | Paralysed by Grinder for 5 turns
  4501 | D:4      | Killed Grinder
  4501 | D:4      | Reached XP level 8. HP: 23/71 MP: 7/7
  4750 | D:4      | Killed Edmund
  5028 | D:5      | Reached **** piety under Trog
  5231 | D:5      | Found a shimmering altar of Xom.
  5796 | D:6      | Found Zoenekih's Magic Scroll Shop.
  6015 | D:6      | Reached skill level 10 in Maces & Flails
  6076 | D:6      | Noticed Menkaure
  6078 | D:6      | Killed Menkaure
  6109 | D:6      | Found a sparkling altar of Nemelex Xobeh.
  6279 | D:6      | Noticed Sigmund
  6285 | D:6      | Killed Sigmund
  6285 | D:6      | Reached XP level 9. HP: 81/81 MP: 8/8
  6332 | D:6      | Found a glowing golden altar of the Shining One.
  6437 | D:6      | Noticed Eustachio
  6450 | D:6      | Killed Eustachio
  7187 | D:7      | Found a sand-covered staircase.
  7196 | Ossuary  | Entered an ossuary
  7343 | Ossuary  | Reached ***** piety under Trog
  7720 | D:7      | Got an ancient mace
  7722 | D:7      | Identified the +10 mace of Outrage {freeze, MR+} (You found it on level 7 of the Dungeon)
  7982 | D:8      | Noticed a two-headed ogre
  8116 | D:7      | Killed a two-headed ogre
  8116 | D:7      | Reached XP level 10. HP: 81/91 MP: 9/9
  8386 | D:8      | Noticed a two-headed ogre
  8400 | D:8      | Killed a two-headed ogre
  8400 | D:8      | Reached skill level 10 in Fighting
  8550 | D:8      | Noticed AdeptTechnicus's ghost (novice MiBe)
  8715 | D:8      | Reached skill level 10 in Armour
  8733 | D:8      | Killed AdeptTechnicus's ghost
  9048 | D:9      | Reached skill level 3 in Dodging
  9052 | D:9      | Reached XP level 11. HP: 101/101 MP: 10/10
  9092 | D:9      | Noticed a two-headed ogre
  9101 | D:9      | Killed a two-headed ogre
  9101 | D:9      | Reached skill level 4 in Dodging
  9170 | D:9      | Received a gift from Trog
  9633 | D:9      | Reached skill level 5 in Dodging
  9808 | D:9      | Noticed a centaur warrior
  9816 | D:9      | Killed a centaur warrior
  9816 | D:9      | Reached skill level 6 in Dodging
  9923 | D:9      | Noticed a centaur warrior
  9928 | D:9      | Killed a centaur warrior
  9928 | D:9      | Reached skill level 7 in Dodging
 10106 | D:10     | Entered Level 10 of the Dungeon
 10133 | D:10     | Found a staircase to the Orcish Mines.
 10518 | D:10     | Found Ceillaen's Book Boutique.
 10569 | D:10     | Found a staircase to the Lair.
 10667 | D:10     | Reached ****** piety under Trog
 10797 | D:10     | Noticed a two-headed ogre
 10803 | D:10     | Reached skill level 8 in Dodging
 10819 | D:10     | Killed a two-headed ogre
 11264 | D:11     | Received a gift from Trog
 11335 | D:11     | Reached XP level 12. HP: 109/112 MP: 11/11
 11351 | D:11     | Noticed a four-headed hydra
 11358 | D:11     | Killed a four-headed hydra
 11382 | D:11     | Reached skill level 9 in Dodging
 11762 | Lair:1   | Entered Level 1 of the Lair of Beasts
 12135 | Lair:1   | Found a dark tunnel.
 12149 | Volcano  | Entered a volcano
 12168 | Volcano  | Noticed a centaur warrior
 12173 | Volcano  | Killed a centaur warrior
 12173 | Volcano  | Reached skill level 10 in Dodging
 13215 | Lair:2   | Noticed a death yak
 13215 | Lair:2   | Noticed a death yak
 13215 | Lair:2   | Noticed a death yak
 13219 | Lair:2   | Noticed a death yak
 13221 | Lair:2   | Noticed a death yak
 13228 | Lair:1   | Killed a death yak
 13247 | Lair:1   | Killed a death yak
 13247 | Lair:1   | Reached skill level 11 in Dodging
 13251 | Lair:1   | Killed a death yak
 13255 | Lair:1   | Killed a death yak
 13470 | Lair:2   | Killed a death yak
 13882 | Lair:2   | Noticed a four-headed hydra
 13887 | Lair:2   | Killed a four-headed hydra
 13887 | Lair:2   | Reached XP level 13. HP: 122/122 MP: 12/12
 13945 | Lair:2   | Found a staircase to the Swamp.
 14274 | Lair:3   | Found a frozen archway.
 14597 | Lair:3   | Received a gift from Trog
 14786 | Lair:3   | Reached skill level 12 in Dodging
 15370 | Lair:4   | Found a staircase to the Snake Pit.
 15941 | Orc:1    | Entered Level 1 of the Orcish Mines
 15981 | Orc:1    | Found Ronwill's Antique Armour Shoppe.
 16183 | Orc:1    | Found Zokkef's Distillery.
 16248 | Orc:1    | Found Wedenwusko's Armour Emporium.
 16417 | Orc:2    | Entered Level 2 of the Orcish Mines
 16766 | Orc:1    | Reached skill level 13 in Dodging
 17998 | Orc:2    | Noticed a stone giant
 18077 | Orc:2    | Noticed an orc warlord
 18083 | Orc:2    | Killed a stone giant
 18200 | Orc:1    | Killed an orc warlord
 18200 | Orc:1    | Received a gift from Trog
 18628 | Orc:2    | Found Syudop's Antique Armour Boutique.
 18628 | Orc:2    | Found Qaseiwka's Assorted Antiques.
 18630 | Orc:2    | Found Zucir's Jewellery Emporium.
 18632 | Orc:2    | Found Fitroth's Armour Shop.
 18877 | Orc:2    | Found a staircase to the Elven Halls.
 19211 | Orc:1    | Bought the +2 ratskin cloak {+Rats rPois rN+ Str-1 Int-1 Dex+1} for 639 gold pieces
 19211 | Orc:1    | Found the +2 ratskin cloak {+Rats rPois rN+ Str-1 Int-1 Dex+1}
 19445 | Lair:5   | Reached XP level 14. HP: 124/133 MP: 13/13
 19480 | Lair:5   | Reached skill level 14 in Dodging
 20350 | Lair:6   | Entered Level 6 of the Lair of Beasts
 20400 | Lair:6   | Found a runed door.
 20651 | Lair:5   | Reached skill level 15 in Fighting
 20911 | Lair:6   | Received a gift from Trog
 20970 | Lair:6   | Reached skill level 15 in Armour
 20970 | Lair:6   | Reached skill level 15 in Dodging
 21149 | Lair:6   | Got a bloodstained chain mail
 21163 | Lair:6   | Identified the +8 chain mail of the Storm King {rElec MR+} (You found it on level 6 of the Lair of Beasts)
 21535 | Lair:6   | Noticed Rupert
 21554 | Lair:6   | Killed Rupert
 22027 | Lair:6   | Found a viscous altar of Jiyva.
 22027 | Lair:6   | Noticed an azure jelly
 22028 | Lair:6   | Noticed an azure jelly
 22028 | Lair:6   | Found a staircase to the Slime Pits.
 22038 | Lair:6   | Killed an azure jelly
 22800 | D:12     | Noticed Urug
 22809 | D:12     | Killed Urug
 22980 | D:12     | Received a gift from Trog
 23025 | D:12     | Noticed Fannar
 23049 | D:12     | Killed Fannar
 23243 | D:12     | Noticed ciphuk's ghost (journeyman GnVM)
 23251 | D:12     | Killed ciphuk's ghost
 23584 | D:12     | Reached XP level 15. HP: 136/143 MP: 14/14
 23618 | D:12     | Reached skill level 16 in Dodging
 23620 | D:12     | Received a gift from Trog
 23759 | D:13     | Got a pair of faintly glowing gloves
 23771 | D:13     | Identified the cursed -3 pair of gloves "Omipt" {Str+3} (You found it on level 13 of the Dungeon)
 23851 | D:13     | Found Qual's General Store.
 23861 | D:13     | Bought a scroll of teleportation for 51 gold pieces
 23861 | D:13     | Bought a scroll of teleportation for 51 gold pieces
 23861 | D:13     | Bought a potion of heal wounds for 85 gold pieces
 24321 | D:13     | Found a gate to the Vaults.
 25196 | D:14     | Received a gift from Trog
 25605 | D:15     | Entered Level 15 of the Dungeon
 25650 | D:15     | Reached skill level 17 in Dodging
 26071 | D:15     | Found a staircase to the Depths.
 26195 | D:15     | Found Xienets's General Store.
 27497 | Swamp:1  | Entered Level 1 of the Swamp
 28675 | Swamp:1  | Received a gift from Trog
 28787 | Swamp:2  | Reached XP level 16. HP: 154/154 MP: 15/15
 28930 | Swamp:2  | Reached skill level 18 in Dodging
 29830 | Swamp:3  | Noticed a thorn hunter
 29857 | Swamp:3  | Killed a thorn hunter
 30261 | Swamp:3  | Noticed a thorn hunter
 30274 | Swamp:3  | Killed a thorn hunter
 30462 | Swamp:3  | Received a gift from Trog
 30926 | Swamp:4  | Entered Level 4 of the Swamp
 31211 | Swamp:4  | Noticed lis82's ghost (journeyman DgSu)
 31215 | Swamp:4  | Noticed a thorn hunter
 31224 | Swamp:4  | Killed lis82's ghost
 31229 | Swamp:4  | Killed a thorn hunter
 31480 | Swamp:4  | Reached skill level 19 in Dodging
 31731 | Swamp:4  | Noticed a thorn hunter
 31750 | Swamp:4  | HP: 1/157 [shambling mangrove (21)]
 31751 | Swamp:4  | Mangled by a five-headed hydra

Skill      XL: |  1  2  3  4  5  6  7  8  9 10 11 12 13 14 15 16 |
---------------+-------------------------------------------------+-----
Maces & Flails | 4 5 6 8 9 10 12 14 | 14.0
Fighting       | 4 5 6 8 9 10 12 13 14 15 16 17 | 17.7
Armour         | 3 4 5 6 7 9 10 11 13 14 15 16 17 | 17.5
Dodging        | 3 8 11 13 15 17 19 | 19.0

Action                   |  1- 3 |  4- 6 |  7- 9 | 10-12 | 13-15 | 16-18 || total
-------------------------+-------+-------+-------+-------+-------+-------++-------
Melee: Mace              |    83 |   183 |   316 |   531 |  1112 |   349 ||  2574
       Headbutt          |    10 |    32 |    77 |   127 |   306 |    92 ||   644
Invok: Berserk           |       |     3 |     4 |     3 |     5 |     4 ||    19
       Burn Spellbooks   |       |       |       |     5 |     3 |     1 ||     9
Evoke: Wand              |       |       |     3 |     3 |     3 |       ||     9
  Use: Scroll            |     3 |     5 |     7 |    10 |    17 |     6 ||    48
       Potion            |       |       |       |     1 |       |     2 ||     3
  Eat: Chunk             |     2 |     6 |    11 |    18 |    39 |     9 ||    85
       Ration            |       |     1 |     2 |     1 |     4 |     2 ||    10
Armor: Ring mail         |    27 |    17 |       |       |       |       ||    44
       Gold dragon scale |       |   110 |   312 |   353 |   606 |   200 ||  1581
       Chain mail        |       |       |       |       |    45 |       ||    45
Dodge: Dodged            |    50 |    63 |   101 |   155 |   661 |   239 ||  1269
